 Dungeon Crawl Stone Soup version 0.27-a0-1105-g946c659c87 (webtiles) character file.

Game seed: 8614602581713963344

3525 DogServant the Magician (level 10, -13/72 HPs)
             Began as a Djinni Earth Elementalist on Apr 29, 2021.
             Was an Initiate of Ashenzari.
             Mangled by Grum
             ... wielding a +1 spear
              (17 damage)
             ... on level 8 of the Dungeon.
             The game lasted 00:24:27 (11290 turns).

DogServant the Magician (DjEE)                     Turns: 11290, Time: 00:24:27

Health: -13/72     AC:  3    Str:  9      XL:     10   Next: 8%
Gold:   278        EV: 15    Int: 24 (25) God:    Ashenzari [......] SH:  0 Dex: 13

rFire    + + .     SeeInvis .   h - +2 dagger (elec)
rCold    x . .     Faith    .   (no shield)
rNeg     . . .     Spirit   .   c - +1 robe
rPois    ∞         Reflect  .   (no helmet)
rElec    .         Harm     .   (no cloak)
rCorr    .         Rampage  .   (no gloves)
Will     +....                  (boots unavailable)
Stlth    ++........             v - amulet of the acrobat
HPRegen  0.22/turn              p - +6 ring of intelligence
MPRegen  0.00/turn              (no ring)

@: flying
A: fire resistance 2, cold vulnerability 1, float, innate caster, hp casting,
extra vitality 1
a: Renounce Religion, Curse Item


You were on level 8 of the Dungeon.
You worshipped Ashenzari.
Ashenzari was noncommittal.
You visited 2 branches of the dungeon, and saw 9 of its levels.

You collected 360 gold pieces.
You spent 82 gold pieces at shops.

Inventory:

Hand Weapons
 h - a +2 dagger of electrocution (weapon)
 j - a +0 falchion of holy wrath
 o - a +3 trident of freezing
Missiles
 b - 199 stones
 d - 5 throwing nets
Armour
 c - a +1 robe (worn)
Jewellery
 m - a ring of positive energy
 p - a +6 ring of intelligence (left hand)
 q - a ring of see invisible
 v - an amulet of the acrobat (around neck)
Wands
 a - a wand of iceblast (18) (quivered)
 r - a wand of paralysis (10)
Scrolls
 e - 4 scrolls of identify
 k - 4 scrolls of teleportation
Potions
 f - 2 potions of berserk rage
 g - a potion of curing
 i - 2 potions of flight
 l - a potion of might
 n - a potion of ambrosia
 u - 2 potions of mutation
 w - a potion of heal wounds
 z - a potion of magic


   Skills:
 - Level 6.0 Fighting
 - Level 5.9 Long Blades
 - Level 7.0 Dodging
 - Level 3.0 Stealth
 + Level 7.7 Spellcasting


You couldn't memorise any spells.
You knew the following spells:

 Your Spells              Type           Power      Damage    Failure   Level
a - Sandblast             Erth           92%        2d19      1%          1
b - Passwall              Tmut/Erth      38%        N/A       1%          2
c - Stone Arrow           Conj/Erth      92%        3d12      1%          3
d - Petrify               Tmut/Erth      46%        N/A       2%          4
e - Lee's Rapid Deconstr  Erth           23%        3d14*     8%          5
f - Sting                 Tmut/Pois      100%       1d8       1%          1
g - Poisonous Vapours     Pois/Air       92%        N/A       1%          2
h - Lesser Beckoning      Tloc           23%        N/A       1%          3
i - Fulminant Prism       Conj/Hex       23%        3d13      2%          4
Your spell library was empty.

Dungeon Overview and Level Annotations

Branches:
Dungeon (8/15)             Temple (1/1) D:6
   Lair: D:8-11

Altars:
Ashenzari
Dithmenos
Elyvilon
Fedhas
Gozag
Hepliaklqana
Kikubaaqudgha
Makhleb
Nemelex Xobeh
Okawaru
Qazlal
Ru
Sif Muna
Trog
Uskayaw
Vehumet
Wu Jian
Xom
Yredelemnul
Zin

Shops:
D:1 !   D:2 ?   D:6 *

Annotations:
D:3 3 runed translucent doors, crabbyslav's ghost, amateur OgBe
D:7 2 transporters, glosham's ghost, weakling DjDe
D:8 Grum; Joseph


Innate Abilities, Weirdness & Mutations

You are immune to poison.
Your flesh is very heat resistant. (rF++)
You are vulnerable to cold. (rC-)
You float through the air rather than walking.
You learn spells naturally, not from books.
Your magical power is your life essence.
You have superior vitality. (+4 HP)


Message History

Press: ? - help, Shift-Dir - straight line, f - wolf
Aim: a wolf (heavily wounded, 72% to hit)
The blast of sand hits the wolf!!
You kill the wolf!
b - 201 stones The wolf completely misses you.
Casting: Sandblast (safe; 1% risk of failure)
Confirm with . or Enter, or press ? or * to list all spells.
Aiming: Sandblast (safe; 1% risk of failure)
Press: ? - help, Shift-Dir - straight line, f - wolf
Aim: a wolf (72% to hit)
The blast of sand hits the wolf!
The wolf is moderately wounded.
b - 200 stones The wolf closely misses you.
The wolf bites you.
Casting: Sandblast (safe; 1% risk of failure)
Confirm with . or Enter, or press ? or * to list all spells.
Aiming: Sandblast (safe; 1% risk of failure)
Press: ? - help, Shift-Dir - straight line, f/p - wolf
Aim: a wolf (moderately wounded, 72% to hit)
The blast of sand hits the wolf!
The wolf is severely wounded.
b - 199 stones The wolf barely misses you.
Grum hits you from afar with a +1 spear!
* * * LOW HITPOINT WARNING * * *
The wolf bites you.
* * * LOW HITPOINT WARNING * * *
Unknown command.
Casting: Sandblast (safe; 1% risk of failure)
Confirm with . or Enter, or press ? or * to list all spells.
Aiming: Fulminant Prism (dangerous; 2% risk of failure)
Press: ? - help, Dir - move target, p - wolf You conjure a prism of explosive energy!
* * * LOW HITPOINT WARNING * * *
A fulminant prism comes into view.
The wolf bites you!
* * * LOW HITPOINT WARNING * * *
Grum hits you from afar with a +1 spear!
You die...

#.# #.# #.# #.# #.# ..# #.#
#.# #.# #.# #.# ... #.# #.#
. #.# #.# #.# ... #.# #.#
#<# .....###@#######.###
#.# <.....†*gh@........#
#.#
.....#############.######)#
... #........# . ##########


You could see Joseph (ally target), Grum, a wolf and a friendly fulminant prism.

Vanquished Creatures
  A two-headed ogre (D:4)
  A water moccasin (D:5)
  An orc warrior (D:8)
  An ice beast (D:6)
  A black bear (D:6)
  2 sky beasts (D:5)
  A hornet zombie (D:5)
  4 ogres
  3 wolves (D:8)
  3 centaurs
  A bullfrog (D:6)
  3 scorpions
  A wyvern skeleton (D:5)
  A water moccasin skeleton (D:6)
  A howler monkey (D:4)
  A centaur zombie (D:7)
  A bullfrog zombie (D:6)
  5 hounds (D:4)
  2 gnoll shamans
  An orc priest (D:4)
  A jelly (D:6)
  2 iguanas
  3 orc wizards
  A hound skeleton (D:4)
  A hound zombie (D:5)
  A howler monkey skeleton (D:7)
  31 gnolls
  11 adders
  A shadow imp (D:6)
  2 ufetubi
  A worm (D:2)
  11 dart slugs
  30 orcs
  4 bats
  5 endoplasms
  A giant cockroach (D:3)
  9 goblins
  4 hobgoblins
  12 jackals (D:4)
  5 quokkas
  3 ball pythons
  4 frilled lizards
  6 kobolds
  2 rats
186 creatures vanquished.

Vanquished Creatures (others)
  7 fulminant prisms
  A plant (D:4)
8 creatures vanquished.

Grand Total: 194 creatures vanquished

Notes
Turn   | Place    | Note
-------+----------+-------------------------------------------
     0 | D:1      | DogServant the Djinni Earth Elementalist began the quest
                  | for the Orb.
     0 | D:1      | Reached XP level 1. HP: 15/15 MP: 0/0
     0 | D:1      | Found Ment's Distillery.
   417 | D:1      | Reached XP level 2. HP: 9/21 MP: 0/0
  1050 | D:1      | Reached skill level 1 in Fighting
  1265 | D:2      | Reached XP level 3. HP: 22/27 MP: 0/0
  1265 | D:2      | Learned a level 1 spell: Sting
  1550 | D:2      | Found a faded altar of an unknown god.
  2278 | D:2      | Found Sisi's Magic Scroll Emporium.
  2287 | D:2      | Bought a scroll of blinking for 82 gold pieces
  2779 | D:3      | You are sucked into a shaft and drop 3 floors!
  2783 | D:6      | Noticed a centaur
  2791 | D:6      | Noticed an ice beast
  2794 | D:6      | Reached XP level 4. HP: 22/33 MP: 0/0
  2798 | D:6      | Killed an ice beast
  2799 | D:6      | Reached XP level 5. HP: 18/40 MP: 0/0
  2799 | D:6      | Learned a level 2 spell: Poisonous Vapours
  3049 | D:6      | Found Batamoyru's Mass Market.
  3147 | D:6      | Reached XP level 6. HP: 47/47 MP: 0/0
  3429 | D:5      | Entered Level 5 of the Dungeon
  3614 | D:5      | Reached skill level 5 in Spellcasting
  3984 | D:4      | Reached XP level 7. HP: 20/52 MP: 0/0
  3984 | D:4      | Learned a level 3 spell: Lesser Beckoning
  3985 | D:4      | Reached skill level 1 in Long Blades
  4251 | D:4      | Noticed a two-headed ogre
  5423 | D:5      | Reached XP level 8. HP: 42/58 MP: 0/0
  5880 | D:4      | Killed a two-headed ogre
  5881 | D:4      | Reached skill level 5 in Long Blades
  6071 | D:4      | Reached XP level 9. HP: 45/62 MP: 0/0
  6071 | D:4      | Learned a level 4 spell: Fulminant Prism
  7172 | D:4      | HP: 1/64 [gnoll/+0 flail (3)]
  7195 | D:4      | HP: 2/64 [orc/+0 mace (8)]
  8161 | D:3      | Reached skill level 5 in Fighting
  8421 | D:3      | Found a runed translucent gate.
  8422 | D:3      | Found a runed translucent gate.
  8423 | D:3      | Found a runed translucent gate.
  8425 | D:3      | Noticed crabbyslav's ghost (amateur OgBe)
  8581 | D:3      | Found a shadowy altar of Dithmenos.
  8584 | D:3      | Found an opulent altar of Gozag.
  8588 | D:3      | Found a hide-covered altar of Uskayaw.
  9411 | D:6      | Found a staircase to the Ecumenical Temple.
  9433 | Temple   | Entered the Ecumenical Temple
  9454 | Temple   | Became a worshipper of Ashenzari the Shackled
  9574 | D:6      | Found a white marble altar of Elyvilon.
 10090 | D:7      | Found a shimmering altar of Xom.
 10306 | D:7      | Found a transporter.
 10307 | D:7      | Found a transporter.
 10404 | D:7      | Noticed glosham's ghost (weakling DjDe)
 10987 | D:8      | Reached XP level 10. HP: 31/72 MP: 0/0
 11276 | D:8      | Noticed Grum
 11280 | D:8      | Noticed Joseph
 11290 | D:8      | Mangled by Grum

Illustrated notes

Levels and vault maps discovered:
D:1:      minmay_arrival_arboretum_small, layout_basic, serial_shops,
          nicolae_shop_crystal
D:2:      layout_basic, serial_shops, nicolae_shop_statue_plus,
          shapermc_ecumenical_altar_mp_highgroup
D:3:      layout_basic, grunt_temple_overflow_diamond,
          gammafunk_ghost_necromancy
D:4:      lemuel_castle_with_subvaults [lemuel_castle_interior_carwin_2],
          layout_gridville
D:5:      kennysheep_slugbush, layout_loops_corners
D:6:      layout_loops_ring, kennysheep_little_box, minmay_temple_entry_wispy,
          minmay_shop_mass, grunt_decor_arrowhead, grunt_ministairs_2
D:7:      layout_loops_corners, marbit_many_paths, gammafunk_ghost_smash
D:8:      layout_loops_ring, uniq_prince_ribbit1, uniq_grum, uniq_harold,
          uniq_joseph
Temple:   regret_index_temple_waves

Skill      XL: |  1  2  3  4  5  6  7  8  9 |
---------------+----------------------------+-----
Spellcasting   | 3 4 5 6 7 |  7.7
Fighting       | 1 2 3 4 6 |  6.0
Long Blades    | 3 5 |  5.9
Dodging        | 3 6 7 |  7.0
Stealth        | 3 |  3.0

Action                   |  1- 3 |  4- 6 |  7- 9 | 10-12 || total
-------------------------+-------+-------+-------+-------++-------
Melee: Club              |    44 |       |       |       ||    44
       Falchion          |       |     6 |    39 |       ||    45
       Dagger            |       |       |    19 |       ||    19
       Quick blade       |       |       |    16 |       ||    16
 Cast: Sandblast         |    27 |    10 |    53 |     9 ||    99
       Stone Arrow       |     7 |    14 |   106 |     1 ||   128
       Poisonous Vapours |       |     7 |     3 |       ||    10
       Petrify           |       |       |     1 |       ||     1
       Fulminant Prism   |       |       |     6 |     2 ||     8
       Passwall          |       |       |     1 |       ||     1
Evoke: Wand              |       |     3 |       |       ||     3
  Use: Scroll            |       |     4 |     7 |       ||    11
       Potion            |       |       |     5 |       ||     5
 Stab: Sleeping          |     1 |       |     1 |       ||     2
Armor: Robe              |    19 |     2 |    19 |       ||    40
Dodge: Dodged            |    47 |    12 |   107 |     6 ||   172
       Rpst.: Falchion   |       |       |    10 |       ||    10

Table legend: (Time is in decaauts)
 A = Elapsed time spent in this place.
 B = Non-inter-level travel time spent in this place.
 C = Inter-level travel time spent in this place.
 D = Time resting spent in this place.
 E = Time spent auto-exploring this place.
 F = Levels seen in this place.
 G = Mean time per level.
                   A        B        C        D        E       F      G
               +--------+--------+--------+--------+--------+-----+--------+
         Total |  11300 |  10869 |    431 |   1531 |   8222 |   9 | 1255.6 |
       Dungeon |  11173 |  10758 |    415 |   1531 |   8119 |   8 | 1396.6 |
        Temple |    126 |    110 |     16 |      0 |    103 |   1 |  126.0 |
               +--------+--------+--------+--------+--------+-----+--------+

Top non-repeatable levels by time:
     D:4: 2392 daAuts
     D:5: 2350 daAuts
     D:6: 1597 daAuts
     D:2: 1334 daAuts
     D:1: 1195 daAuts
     D:7: 1099 daAuts
     D:3: 882 daAuts
     D:8: 320 daAuts
  Temple: 126 daAuts
